 Dungeon Crawl Stone Soup version 0.28.0 (webtiles) character file.

Game seed: 11161763782560290770

371 RighteousDevil the Conjurer (level 6, -5/37 HPs)
             Began as a Tengu Conjurer on Feb 10, 2022.
             Slain by Duvessa (15 damage)
             ... on level 4 of the Dungeon.
             The game lasted 00:09:24 (4508 turns).

RighteousDevil the Conjurer (Tengu Conjurer)        Turns: 4508, Time: 00:09:25

Health: -5/37      AC:  6    Str:  9    XL:     6   Next: 71%
Magic:  8/10       EV: 15    Int: 18    God:
Gold:   179        SH:  0    Dex: 13    Spells: 3/9 levels left

rFire   . . .      SeeInvis .   b - staff of cold
rCold   + . .      Faith    .   (no shield)
rNeg    . . .      Spirit   .   c - +0 robe
rPois   .          Reflect  .   (helmet restricted)
rElec   .          Harm     .   j - +0 cloak
rCorr   .          Rampage  .   f - +2 pair of gloves
Will    .....                   (boots unavailable)
Stlth   ++........              (no amulet)
HPRegen 0.12/turn               (no ring)
MPRegen 0.12/turn               (no ring)

@: flying quickly and evasively, quick
A: beak, talons 3, nimble flight
a: no special abilities


You were on level 4 of the Dungeon.
You visited 1 branch of the dungeon, and saw 4 of its levels.

You collected 179 gold pieces.

Inventory:

Hand Weapons
 a - a +0 mace
Missiles
 o - a throwing net
Armour
 c - a +0 robe (worn)
 f - a +2 pair of gloves (worn)
 j - a +0 cloak (worn)
 n - a +0 scale mail
Magical Staves
 b - a staff of cold (weapon)
Scrolls
 d - a scroll of silence
 e - a scroll of enchant weapon {unknown}
 g - a scroll of immolation {unknown}
 k - a scroll of identify
 p - a scroll of vulnerability {unknown}
Potions
 h - a potion of brilliance {unknown}
 i - a potion of curing
 l - a potion of magic
 m - a potion of mutation {unknown}


   Skills:
 + Level 3.2 Fighting
 - Level 4.0 Staves
 + Level 2.5 Armour
 + Level 3.1 Dodging
 - Level 2.0 Stealth
 - Level 2.0 Spellcasting
 - Level 6.0 Conjurations
 - Level 1.0 Necromancy


You had 3 spell levels left.
You knew the following spells:

 Your Spells              Type           Power      Damage    Failure   Level
a - Magic Dart            Conj           92%        1d7       1%          1
b - Searing Ray           Conj           46%        2d6       2%          2
c - Vampiric Draining     Necr           5%         2d6       34%         3

Your spell library contained the following spells:

 Spells                   Type           Power      Damage    Failure   Level
 Dazzling Flash           Conj/Hex       24%        N/A       16%         3
 Slow                     Hex            4%         N/A       19%         1
 Confusing Touch          Hex            1%         N/A       47%         3
 Tukima's Dance           Hex            1%         N/A       47%         3
 Fulminant Prism          Conj/Hex       6%         3d7       45%         4
 Iskenderun's Mystic Bla  Conj/Tloc      12%        2d5       45%         4
 Passage of Golubria      Tloc           1%         N/A       87%         4
 Yara's Violent Unravell  Hex/Tmut       0%         3d3       99%         5


Dungeon Overview and Level Annotations

Branches:
Dungeon (4/15)
 Temple: D:4-7

Altars:

Shops:
D:3 =[:!

Annotations:
D:4 Duvessa


Innate Abilities, Weirdness & Mutations

You have a beak for a mouth.
You have claws for feet.
Your magical nature lets you fly swiftly and evasively.


Message History

Duvessa hits you but does no damage.
The searing ray hits Duvessa but does no damage.
Duvessa is heavily wounded.
You finish channelling your searing ray.
Duvessa hits you with a +0 short sword of protection.
Duvessa completely misses you.
Duvessa hits you with a +0 short sword of protection.
Duvessa misses you.
It was a potion of curing.
You feel better.
Duvessa hits you with a +0 short sword of protection. x2
You closely miss Duvessa. Your peck misses Duvessa.
Duvessa is heavily wounded.
Duvessa barely misses you.
You closely miss Duvessa. You claw Duvessa, but do no damage.
Duvessa is heavily wounded.
Duvessa barely misses you. x2
You hit Duvessa. You claw Duvessa, but do no damage.
Duvessa is severely wounded.
Duvessa hits you with a +0 short sword of protection!
You hit Duvessa but do no damage. You claw Duvessa, but do no damage.
Duvessa is severely wounded.
Duvessa barely misses you.
Duvessa hits you with a +0 short sword of protection.
* * * LOW HITPOINT WARNING * * *
It was a potion of magic.
Magic courses through your body. Duvessa barely misses you.
Casting: Searing Ray (safe; 2% risk of failure)
Confirm with . or Enter, or press ? or * to list all spells.
Aiming: Searing Ray (safe; 2% risk of failure)
Press: ? - help, Shift-Dir - straight line, f - Dowan, p - Duvessa
Aim: Dowan, wielding a +0 dagger and wearing a +0 robe (severely wounded, 69% to hit)
The searing ray hits Duvessa but does no damage.
Duvessa is severely wounded.
The searing ray hits Dowan!
You kill Dowan!
Duvessa screams, "No!
How DARE you!"
Duvessa goes berserk! (Press . to maintain the ray.) Duvessa hits you with a +0 short sword of protection!
You die...

######'####......♣♣≈≈≈♣
... #.####..###♣♣♣♣≈≈♣
#.# #.#.....#
♣♣≈♣♣♣♣♣♣#.# #.#.##.##
≈♣♣♣≈≈≈♣♣≈P♣#.#
#.#.##>.....≈.≈..≈≈.≈....
#.#.####.♣.♣♣≈≈≈≈≈♣♣≈♣#.#
#.#.# !♣ ♣♣♣♣.≈♣♣♣♣♣#.#
#.######.♣♣♣♣≈≈♣#####.#
#.)..e@....♣♣≈.♣♣.....#
#.######.##♣.≈P♣♣.....#
### # ♣♣.♣♣.....##
#.###..#......##
#...............
#######..#+###.#
................
.#######...###.#
...............#


You could see Duvessa (berserk, fast).

Vanquished Creatures
  Menkaure (D:4)
  An ogre (D:4)
  Dowan (D:4)
  An iguana (D:3)
  2 hound skeletons (D:4)
  4 adders
  4 worms
  3 dart slugs
  2 orcs
  9 ball pythons
  3 endoplasms (D:2)
  2 giant cockroaches (D:1)
  4 goblins
  5 hobgoblins
  4 jackals
  A quokka (D:3)
  5 bats
  2 frilled lizards
  7 kobolds
  A quokka skeleton (D:4)
  6 rats
68 creatures vanquished.

Notes
Turn   | Place    | Note
-------+----------+-------------------------------------------
     0 | D:1      | RighteousDevil the Tengu Conjurer began the quest for the
                  | Orb.
     0 | D:1      | Reached XP level 1. HP: 10/10 MP: 4/4
   291 | D:1      | Reached skill level 1 in Fighting
   291 | D:1      | Reached XP level 2. HP: 16/16 MP: 6/6
  1390 | D:2      | Reached XP level 3. HP: 18/20 MP: 7/7
  1392 | D:2      | Reached skill level 1 in Staves
  1580 | D:2      | Reached skill level 6 in Conjurations
  1615 | D:2      | Learned a level 2 spell: Searing Ray
  2268 | D:3      | Found Naosch's Antique Armour Boutique.
  2324 | D:3      | Found Iduhe's Jewellery Shop.
  2349 | D:3      | Reached XP level 4. HP: 26/26 MP: 8/8
  2634 | D:3      | Learned a level 3 spell: Tukima's Dance
  2928 | D:3      | Found Venecon's Distillery.
  2951 | D:3      | Found Laurphops's Book Shoppe.
  3250 | D:3      | Reached skill level 1 in Armour
  3687 | D:3      | Reached skill level 1 in Necromancy
  3687 | D:3      | Gained mutation: Your magical nature lets you fly swiftly
                  | and evasively. [Tengu growth]
  3687 | D:3      | Reached XP level 5. HP: 14/31 MP: 6/9
  3691 | D:3      | Learned a level 3 spell: Vampiric Draining
  3955 | D:4      | Noticed Menkaure
  3967 | D:4      | Killed Menkaure
  3968 | D:4      | Reached XP level 6. HP: 18/36 MP: 3/10
  4349 | D:4      | Noticed Duvessa
  4350 | D:4      | Noticed Dowan
  4508 | D:4      | Killed Dowan
  4508 | D:4      | Slain by Duvessa

Illustrated notes

Levels and vault maps discovered:
D:1:      lemuel_arrival_muddy, layout_basic,
          nicolae_concentric_dashed_squares_mild
D:2:      layout_basic
D:3:      layout_loops_ring, serial_shops, shop, nicolae_shop_stone,
          nicolae_shop_trees, nicolae_shop_hallway_stairs
D:4:      layout_basic, minmay_misc_feat_tower, minmay_misc_feat_rugged,
          hangedman_decor_peaks_small, serial_bayou_crossing, uniq_duvessa,
          uniq_crazy_yiuf_cottage, uniq_menkaure

Skill      XL: |  1  2  3  4  5  6 |
---------------+-------------------+-----
Fighting       | 1 2 3 |  3.2
Staves         | 1 2 4 |  4.0
Conjurations   | 6 |  6.0
Armour         | 1 2 |  2.5
Necromancy     | 1 |  1.0
Dodging        | 3 |  3.1
Stealth        | |  2.0
Spellcasting   | |  2.0

Action                   |  1- 3 |  4- 6 || total
-------------------------+-------+-------++-------
Melee: Mace              |    21 |       ||    21
       Peck              |    24 |    14 ||    38
       Kick              |    31 |    33 ||    64
       Staff             |   109 |    91 ||   200
       Punch             |       |     1 ||     1
 Cast: Magic Dart        |       |    28 ||    28
       Searing Ray       |       |     4 ||     4
  Use: Scroll            |     3 |     2 ||     5
       Potion            |       |     3 ||     3
 Stab: Sleeping          |     4 |     4 ||     8
Armor: Robe              |    54 |    22 ||    76
Dodge: Dodged            |   113 |    67 ||   180
